 Dungeon Crawl Stone Soup version 0.31.0-2-g5a2aebc5c2 (webtiles) character file.

Game seed: 10588584709023719678

3165 Aviak the Grappler (level 9, -2/74 HPs)
             Began as a Barachi Shapeshifter on Jan 20, 2024.
             Succumbed to their own poison gas
             ... on level 8 of the Dungeon.
             The game lasted 00:12:05 (7979 turns).

Aviak the Grappler (Barachi Shapeshifter)           Turns: 7979, Time: 00:12:05

Health: -2/74      AC:  7    Str: 18    XL:     9   Next: 94%
Magic:  9/9        EV: 17    Int: 11    God:
Gold:   505        SH:  0    Dex: 13    Spells: 8/8 levels left

rFire   + +          .
                       - Unarmed
rCold   . . .        (no shield)
rNeg    . . .        j - +1 scale mail {rF+}
rPois   .            (helmet currently unavailable)
rElec   .            (cloak currently unavailable)
rCorr   .            (gloves currently unavailable)
SInv    .            (boots currently unavailable)
Will    .....        (no amulet) Stlth
                     F - ring of protection from fire
HPRegen 0.32/turn    E - +5 ring of evasion
MPRegen 0.11/turn

%: no passive effects
@: lethally poisoned (-2 -> -23), about to teleport, beast-form, weak-willed,
slow
A: beast (slay +4), amphibious, slowness 1, strong legs 1, +LOS
a: Hop, Begin Untransformation


You were on level 8 of the Dungeon.
You were a hulking beast.
You visited 2 branches of the dungeon, and saw 10 of its levels.

You collected 505 gold pieces.

Inventory:

Armour
 a - a +0 animal skin
 j - a +1 scale mail of fire resistance (worn)
 n - a +0 pair of boots
 q - a +0 pair of gloves
Magical Staves
 x - a staff of conjuration {!a}
Jewellery
 C - a ring of protection from cold
 E - a +5 ring of evasion (right hand)
 F - a ring of protection from fire (left hand)
 H - a +6 ring of intelligence
Talismans
 c - a beast talisman (active)
 d - a flux talisman
Wands
 o - a wand of roots (31)
 r - a wand of polymorph (10)
 y - a wand of flame (30)
 D - a wand of mindburst (15)
 J - a wand of paralysis (9)
 L - a wand of digging (5)
Scrolls
 g - 2 scrolls of fear
 i - 2 scrolls of poison
 k - a scroll of torment {unknown}
 l - 10 scrolls of identify {unknown}
 m - 2 scrolls of revelation {unknown}
 t - 2 scrolls of teleportation
 v - 5 scrolls of vulnerability {!r}
 z - a scroll of blinking {unknown}
 B - 2 scrolls of enchant weapon
 G - a scroll of acquirement {unknown}
 I - a scroll of immolation {unknown}
 K - a scroll of fog {unknown}
Potions
 e - 2 potions of brilliance {unknown}
 f - 3 potions of attraction {unknown}
 h - a potion of heal wounds
 p - 4 potions of curing {unknown}
 s - a potion of berserk rage {unknown}
 u - a potion of enlightenment {unknown}
 w - 3 potions of degeneration {unknown}
 A - a potion of haste {unknown}


   Skills:
 + Level 8.1 Fighting
 + Level 7.8 Dodging
 + Level 8.1 Unarmed Combat
 + Level 7.6 Shapeshifting


You had 8 spell levels left.
You didn't know any spells.
Your spell library contained the following spells:

 Spells                   Type           Power      Damage    Failure   Level
 Sandblast                Erth           0%         2d4       77%         1
 Jinxbite                 Hex            0%         N/A       88%         2
 Call Canine Familiar     Summ           0%         N/A       98%         3
 Passwall                 Erth           0%         N/A       98%         3
 Sigil of Binding         Hex            0%         N/A       98%         3
 Stone Arrow              Conj/Erth      0%         3d7       98%         3
 Brom's Barrelling Bould  Conj/Erth      0%         2d3       100%        4
 Dimensional Bullseye     Hex/Tloc       0%         N/A       100%        4
 Yara's Violent Unravell  Hex/Alch       0%         3d3       100%        5
 Enfeeble                 Hex            0%         N/A       100%        7


Dungeon Overview and Level Annotations

Branches:
Dungeon (9/15)             Temple (1/1) D:6            Lair (0/5) D:9
    Orc: D:9-12

Altars:
Ashenzari
Dithmenos
Fedhas
Gozag
Kikubaaqudgha
Qazlal
Sif Muna
Trog
Uskayaw
Vehumet
Wu Jian
Yredelemnul
Zin
The Shining One

Shops:
D:3 [

Annotations:
D:9 Joseph


Innate Abilities, Weirdness & Mutations

You are a hulking beast.
Your limbs bulge with bestial killing power. (Slay +4)
You are amphibious.
You cover ground slowly.
You can hop short distances.
You have an extended range of vision and can be seen from far away.


Message History

The death yak gores you!
You stop transforming.
* * * LOW HITPOINT WARNING * * *
Unknown command.
Unknown command.
As you read the scroll labelled OLOTHIU BEET, it crumbles to dust.
A wave of despondency washes over your surroundings.
It was a scroll of vulnerability.
The death yak misses you.
Okay, then.
Aiming: Mindburst
Press: ? - help, Shift-Dir - straight line, f/p - death yak
Aim: a death yak (lightly wounded, weak-willed, chance to affect: 37%)
Okay, then.
Okay, then.
As you read the scroll labelled ALYMOU JOAMA QUP, it crumbles to dust.
You assume a fearsome visage.
The death yak looks frightened!
It was a scroll of fear.
The air fills with toxic fumes!
As you read the scroll labelled UTODGH ESHO, it crumbles to dust.
It was a scroll of poison.
As you read the scroll labelled BIC BEECEM, it crumbles to dust.
It is a scroll of enchant weapon.
You aren't carrying any weapons that can be enchanted.
The death yak is engulfed in poison gas.
The death yak is poisoned.
As you read the scroll labelled NIASOH EMAQI, it crumbles to dust.
You feel strangely unstable.
It was a scroll of teleportation.
t - 2 scrolls of teleportation;
o - a wand of roots (31)
The death yak is engulfed in poison gas.
The death yak looks even sicker.
You hit the death yak but do no damage.
The death yak is lightly wounded.
The death yak is engulfed in poison gas.
The death yak looks even sicker.
The death yak gores you!
* * * LOW HITPOINT WARNING * * *
Unknown command.
Unknown command.
You are engulfed in poison gas.
You are lethally poisoned!
* * * LOW HITPOINT WARNING * * *
You die...

#........[###...#.......
#.........# ###.#####...
###.......# #.#####...
#######.# #.##...... #.#
#.##.##... #.# #.##.##### #.#
#.##.# ###############§# #.##.#
#>..§§§§.§§Y.h§§# #.##.#
#.############### #(##.# #.#
#.##.##### #.# #.........
##Y######################.#####
#.........................#
##.######################.# #.#
#.# ### ###


You could see a death yak (very poisoned, weak-willed).

Vanquished Creatures
  A death yak (D:8)
  A wyvern (D:9)
  An orc warrior (D:7)
  2 ice beasts (D:6)
  A black bear (D:7)
  3 centaurs
  2 phantoms (D:5)
  A bullfrog (D:6)
  2 kobold brigands
  3 scorpions (D:5)
  6 killer bees (D:8)
  6 howler monkeys
  4 hounds
  2 jellies
  3 orc priests
  Ijyb (D:3)
  4 sleepcaps
  5 orc wizards
  4 hell rats (D:8)
  Robin (D:3)
  2 gnolls
  5 adders (D:4)
  2 shadow imps
  27 orcs
  7 endoplasms
  8 giant cockroaches
  9 goblins
  9 hobgoblins
  4 jackals (D:4)
  13 kobolds
  3 quokkas
  5 ball pythons
  5 bats
  9 frilled lizards
  7 rats
168 creatures vanquished.

Notes
Turn   | Place    | Note
-------+----------+-------------------------------------------
     0 | D:1      | Aviak the Barachi Shapeshifter began the quest for the Orb.
     0 | D:1      | Reached XP level 1. HP: 15/15 MP: 1/1
   170 | D:1      | Reached XP level 2. HP: 17/21 MP: 2/2
   476 | D:1      | Reached XP level 3. HP: 20/27 MP: 3/3
  1056 | D:2      | Found a faded altar of an unknown god.
  1431 | D:3      | Found Nigiutia's Armour Emporium.
  1447 | D:3      | Reached XP level 4. HP: 12/34 MP: 4/4
  1644 | D:3      | Identified the +0 robe of the Arcane {rF+ rC- rCorr}
  1834 | D:3      | Noticed Ijyb
  1836 | D:3      | Noticed Robin
  1844 | D:3      | Reached XP level 5. HP: 13/40 MP: 5/5
  1865 | D:3      | Killed Ijyb
  1879 | D:3      | Killed Robin
  2587 | D:4      | Reached XP level 6. HP: 39/47 MP: 6/6
  2655 | D:4      | Found a basalt altar of Yredelemnul.
  2963 | D:5      | Entered Level 5 of the Dungeon
  3153 | D:5      | Reached skill level 5 in Unarmed Combat
  3331 | D:5      | Reached XP level 7. HP: 53/54 MP: 7/7
  3371 | D:5      | Reached skill level 5 in Shapeshifting
  3538 | D:5      | Found an opulent altar of Gozag.
  3685 | D:5      | Reached skill level 5 in Dodging
  3768 | D:5      | Reached skill level 5 in Fighting
  4102 | D:5      | Reached XP level 8. HP: 39/62 MP: 8/8
  4888 | D:6      | Found a staircase to the Ecumenical Temple.
  4899 | Temple   | Entered the Ecumenical Temple
  5185 | D:7      | Found a broken altar of Ashenzari.
  5879 | D:7      | Found the +1 robe of Vines {NoPotionHeal Regen++++}
  6001 | D:7      | Reached XP level 9. HP: 71/71 MP: 9/9
  7084 | D:8      | Found an ancient bone altar of Kikubaaqudgha.
  7087 | D:8      | Found a bloodstained altar of Trog.
  7396 | D:9      | Noticed a death yak
  7396 | D:9      | Noticed Joseph
  7596 | D:9      | Noticed a death yak
  7598 | D:9      | Noticed a death yak
  7714 | D:9      | Found a staircase to the Lair.
  7748 | D:8      | Killed a death yak
  7979 | D:8      | HP: 3/74 [cloud of poison gas (11)]
  7979 | D:8      | Succumbed to their own poison gas

Illustrated notes

Levels and vault maps discovered:
D:1:      dpeg_arrival_arbitrary_c, layout_rooms, minmay_distorted
D:2:      layout_loops_corners, shapermc_ecumenical_altar_gd,
          skrybe_limestone_x, serial_bayou_pond_e
D:3:      minmay_octagon_keep, layout_basic, serial_shops, shop,
          nicolae_goblin_pals
D:4:      layout_basic, kennysheep_ying_yang, regret_index_temple_of_mockery,
          nicolae_half_adder
D:5:      layout_loops_ring, nicolae_gozag_cash_rules_everything_around_me,
          minmay_strange_pillars
D:6:      layout_layer_cave, minmay_temple_entry_gardened_gates
D:7:      layout_loops_ring, mainiacjoe_overflow_brackets
D:8:      layout_basic, jmf_multi_god_temple2
D:9:      layout_gridville, chequers_temple_overflow_minitemple,
          dpeg_lair_monsters, uniq_joseph
Temple:   jpeg_temple_island

Skill      XL: |  1  2  3  4  5  6  7  8  9 |
---------------+----------------------------+-----
Fighting       | 2 3 4 5 6 8 |  8.1
Dodging        | 3 4 5 6 7 |  7.8
Unarmed Combat | 4 5 6 8 |  8.1
Shapeshifting  | 4 5 6 7 |  7.6

Action                     |  1- 3 |  4- 6 |  7- 9 || total
---------------------------+-------+-------+-------++-------
  Melee: Unarmed           |   110 |   200 |   341 ||   651
         Punch             |     1 |     8 |     9 ||    18
  Evoke: Wand              |       |       |     5 ||     5
    Use: Potion            |       |     1 |     5 ||     6
         Scroll            |       |       |     5 ||     5
   Stab: Confused          |       |     3 |       ||     3
 Armour: Animal skin       |    25 |       |       ||    25
         Scale mail        |    36 |   112 |   237 ||   385
         Skin              |       |     9 |    19 ||    28
  Dodge: Dodged            |    78 |   109 |   285 ||   472
   Form: Beast             |     1 |       |       ||     1
         Flux              |       |       |     1 ||     1
